 Dungeon Crawl Stone Soup version 0.26.1-2-gb8aa6d0cf2 (webtiles) character file.

Game seed: 504771978327329378

465 Gadfly the Caller (level 7, 0/38 HPs)
             Began as a Tengu Summoner on Feb 18, 2021.
             Was an Initiate of Vehumet.
             Killed from afar by Ijyb (10 damage)
             ... with an iceblast
             ... on level 3 of the Dungeon.
             The game lasted 00:13:05 (6756 turns).

Gadfly the Caller (Tengu Summoner)                  Turns: 6756, Time: 00:13:06

Health: 0/38       AC:  5    Str: 12 (14) XL:     7   Next: 8%
Magic:  0/12       EV: 16    Int: 18      God:    Vehumet [......]
Gold:   235        SH:  0    Dex: 13 (14) Spells: 3/11 levels left

rFire    . . .     SeeInvis .   j - +0 whip (curse)
rCold    . . .     Faith    .   (no shield)
rNeg     . . .     Spirit   .   k - +1 robe
rPois    .         Reflect  .   b - +2 hat
rElec    .         Harm     +   a - scarf {harm}
rCorr    .         Rampage  .   (no gloves)
Will     .....                  (boots unavailable)
Stlth    ++........             (no amulet)
HPRegen  0.12/turn              n - +6 ring of strength
MPRegen  0.13/turn              (no ring)

@: flying quickly and evasively, quick
A: beak, talons 3, able to fly
a: Stop Flying, Renounce Religion


You were on level 3 of the Dungeon.
You worshipped Vehumet.
Vehumet was noncommittal.
You visited 2 branches of the dungeon, and saw 5 of its levels.

You collected 235 gold pieces.

Inventory:

Hand Weapons
 i - a +0 spear
 j - a cursed +0 whip (weapon)
 q - a +3 vampiric dagger
Armour
 a - a scarf of harm (worn)
 b - a +2 hat (worn)
 k - a +1 robe (worn)
Jewellery
 n - a +6 ring of strength (left hand)
Wands
 m - a wand of iceblast (6)
Scrolls
 p - a scroll of blinking
 r - 2 scrolls of identify
 s - a scroll of magic mapping
Potions
 c - 2 potions of ambrosia
 d - a potion of flight {unknown}
 e - a potion of brilliance
 f - a potion of curing
 g - a potion of heal wounds {unknown}
 h - a potion of magic {unknown}
 l - a potion of mutation {unknown}
 o - a potion of attraction {unknown}
 t - a potion of might


   Skills:
 + Level 1.5 Fighting
 * Level 4.1 Dodging
 - Level 2.0 Stealth
 * Level 2.8 Spellcasting
 * Level 3.6 Conjurations
 + Level 5.4 Summonings
 * Level 3.6 Air Magic
 * Level 2.6 Evocations


You had 3 spell levels left.
You knew the following spells:

 Your Spells              Type           Power        Failure   Level
a - Summon Small Mammal   Summ           88%          1%          1
b - Call Canine Familiar  Summ           22%          5%          3
c - Summon Lightning Spi  Summ/Air       18%          26%         4

Your spell library contained the following spells:

 Spells                   Type           Power        Failure   Level
 Call Imp                 Summ           22%          2%          2
 Summon Guardian Golem    Hex/Summ       12%          16%         3
 Summon Ice Beast         Ice/Summ       12%          47%         4


Dungeon Overview and Level Annotations

Branches:
Dungeon (4/15)             Temple (1/1) D:4

Altars:
Dithmenos
Elyvilon
Fedhas
Hepliaklqana
Kikubaaqudgha
Makhleb
Nemelex Xobeh
Okawaru
Qazlal
Ru
Sif Muna
Trog
Uskayaw
Vehumet
Wu Jian
Xom
Yredelemnul
The Shining One

Annotations:
D:3 Ijyb


Innate Abilities, Weirdness & Mutations

You have a beak for a mouth.
You have claws for feet.
You can fly continuously.


Message History

Your hound bites Ijyb but does no damage.
Your hound bites Ijyb.
Ijyb closely misses your hound.
Your hound misses Ijyb.
Your hound barely misses Ijyb.
Ijyb hits your hound but does no damage.
Space bends around your hound.
Your hound bites Ijyb but does no damage.
Ijyb screams, "Me kill you!" Ijyb completely misses your hound.
Your hound bites Ijyb but does no damage.
Your hound barely misses Ijyb.
Ijyb hits your hound but does no damage.
Your hound blinks!
Casting: Call Canine Familiar (dangerous; 5% risk of failure)
Confirm with . or Enter, or press ? or * to list all spells.
Casting: Call Canine Familiar (dangerous; 5% risk of failure)
Confirm with . or Enter, or press ? or * to list all spells.
You don't have enough magic to cast that spell.
Ijyb zaps a wand.
The mass of ice explodes!
The iceblast engulfs you!
You die...

...# #.# #### ##
####.#
...######r###...§#
##..'.##.#§#####g#
##..#.#####Z####.##
...##..._#r##.....#
....##...####..h..#
..####_..####.....#
..# ###...#....@.#
..# ####'#......#
### #.#..#......#
#...........#
#...........#
#######.##.##
#..#.# ##.#.# #.#.#


You could see Ijyb and a friendly hound (summoned).

Vanquished Creatures
  A nameless horror (D:4)
  An ogre (D:4)
  An orc priest (D:3)
  3 orc wizards
  Jessica (D:2)
  Natasha (twice) (D:2)
  2 worker ants
  3 adders (D:3)
  2 dart slugs (D:1)
  4 leopard geckos
  7 orcs
  3 giant cockroaches
  6 goblins
  6 hobgoblins
  7 jackals
  11 bats
  7 frilled lizards
  3 kobolds
  A quokka zombie (D:3)
  9 rats
80 creatures vanquished.

Vanquished Creatures (collateral kills)
  Blork the orc (D:4)
  A scorpion (D:4)
  An adder (D:2)
  An orc (D:3)
  A kobold (D:1)
  A frilled lizard (D:3)
6 creatures vanquished.

Vanquished Creatures (others)
  2 plants (D:4)
2 creatures vanquished.

Grand Total: 88 creatures vanquished

Notes
Turn   | Place    | Note
-------+----------+-------------------------------------------
     0 | D:1      | Gadfly the Tengu Summoner began the quest for the Orb.
     0 | D:1      | Reached XP level 1. HP: 10/10 MP: 4/4
   687 | D:1      | Reached XP level 2. HP: 15/15 MP: 6/6
   942 | D:1      | Reached skill level 1 in Conjurations
  1391 | D:1      | Reached skill level 1 in Air Magic
  1472 | D:1      | Reached XP level 3. HP: 19/19 MP: 7/7
  1702 | D:1      | Learned a level 3 spell: Call Canine Familiar
  2239 | D:2      | Reached skill level 5 in Summonings
  2239 | D:2      | Reached skill level 1 in Evocations
  2677 | D:2      | Noticed Jessica
  2685 | D:2      | Killed Jessica
  2686 | D:2      | Reached XP level 4. HP: 24/24 MP: 8/8
  2837 | D:2      | Noticed Natasha
  2853 | D:2      | Killed Natasha
  3028 | D:2      | Noticed Natasha
  3039 | D:2      | Killed Natasha
  3040 | D:2      | Gained mutation: You can fly continuously. [Tengu growth]
  3040 | D:2      | Reached XP level 5. HP: 23/28 MP: 6/9
  3296 | D:2      | Learned a level 4 spell: Summon Lightning Spire
  3629 | D:3      | Reached skill level 1 in Fighting
  3715 | D:3      | Found a shimmering altar of Xom.
  3716 | D:3      | Found a hazy altar of Hepliaklqana.
  3717 | D:3      | Noticed a spectral ugly thing
  4250 | D:3      | Reached XP level 6. HP: 34/34 MP: 6/10
  4835 | D:4      | Found an iron altar of Okawaru.
  4839 | D:4      | Found a burning altar of Makhleb.
  4927 | D:4      | Noticed a nameless horror
  4928 | D:4      | Noticed a nameless horror
  5185 | D:4      | Found a glowing golden altar of the Shining One.
  5189 | D:4      | Became a worshipper of the Shining One
  5200 | D:4      | Killed a nameless horror
  5716 | D:4      | Found a staircase to the Ecumenical Temple.
  5761 | Temple   | Entered the Ecumenical Temple
  5893 | Temple   | Fell from the grace of the Shining One
  5893 | Temple   | Became a worshipper of Vehumet
  6133 | D:4      | Noticed Blork the orc
  6142 | D:4      | Killed Blork the orc
  6143 | D:4      | Reached XP level 7. HP: 23/38 MP: 5/12
  6370 | D:4      | Noticed Ijyb
  6756 | D:3      | Killed from afar by Ijyb

Illustrated notes

Levels and vault maps discovered:
D:1:      heliophobic_arrival_glass_houses, layout_loops_ring, eino_curves_04,
          supply_closet_lemuel
D:2:      layout_loops_corners, hex_large, uniq_jessica, uniq_natasha
D:3:      layout_basic, regret_index_temple_of_mockery, minmay_misc_feat_chi
D:4:      layout_loops_ring, nicolae_overflow_hidden_temple, tso_oasis_becter,
          minmay_temple_entry_glassed_door, uniq_blork_the_orc, uniq_ijyb
Temple:   dshaligram_water_room_temple

Skill      XL: |  1  2  3  4  5  6 |
---------------+-------------------+-----
Conjurations   | 1 2 3 |  3.6
Air Magic      | 1 2 3 |  3.6
Summonings     | 5 |  5.4
Evocations     | 1 2 |  2.6
Dodging        | 3 4 |  4.1
Fighting       | 1 |  1.5
Stealth        | |  2.0
Spellcasting   | |  2.8

Action                   |  1- 3 |  4- 6 |  7- 9 || total
-------------------------+-------+-------+-------++-------
Melee: Whip              |    89 |   197 |    14 ||   300
       Kick              |    25 |    38 |     5 ||    68
       Unarmed           |     3 |       |       ||     3
       Peck              |     8 |    24 |     1 ||    33
       Spear             |    56 |       |       ||    56
 Cast: Summon Small Mamm |     4 |     5 |     4 ||    13
       Call Canine Famil |     1 |     6 |     3 ||    10
       Summon Lightning  |       |     3 |     1 ||     4
 Abil: Fly               |       |     1 |       ||     1
Evoke: Wand              |       |     2 |       ||     2
  Use: Scroll            |     5 |     3 |     2 ||    10
       Potion            |     1 |     5 |       ||     6
 Stab: Sleeping          |     8 |     4 |       ||    12
       Distracted        |     1 |     1 |       ||     2
Armor: Robe              |    41 |    49 |     3 ||    93
Dodge: Dodged            |   110 |   170 |    12 ||   292
